 Dungeon Crawl Stone Soup version 0.28-a0-938-gbc3f381ebc (console) character file.

Game seed: 3262591511815297192

5255 jejorda2 the Carver (level 10, 0/60 HPs)
             Began as a Gargoyle Berserker on Nov 28, 2021.
             Was a Priest of Trog.
             Slain by a boulder beetle (2 damage)
             ... on level 8 of the Dungeon.
             The game lasted 00:19:00 (9001 turns).

jejorda2 the Carver (Gargoyle Berserker)            Turns: 9001, Time: 00:19:01

Health: 0/60       AC: 22    Str: 23    XL:     10   Next: 62%
Magic:  10/10      EV:  8    Int:  9    God:    Trog [***...]
Gold:   378        SH:  0    Dex:  9    Spells: 9/9 levels left

rFire   + + .      SeeInvis .   a - +0 long sword
rCold   . . .      Faith    .   (no shield)
rNeg    + + .      Spirit   .   o - +0 chain mail
rPois   ∞          Reflect  .   k - +0 helmet
rElec   +          Harm     .   t - +0 cloak
rCorr   .          Rampage  .   h - +1 pair of gloves
Will    .....                   (no boots)
Stlth   ..........              (no amulet)
HPRegen 0.20/turn               H - ring "Eteuxy" {Wiz +Blink rF+ rN+}
MPRegen 0.12/turn               D - ring of protection from fire

@: on berserk cooldown, slowed, very slow
A: sickness immunity, AC +7, negative energy resistance 1, electricity
resistance, torment resistance 1, petrification resistance
a: Renounce Religion, Evoke Blink, Berserk, Trog's Hand


You were on level 8 of the Dungeon.
You worshipped Trog.
Trog was most pleased with you.
You visited 1 branch of the dungeon, and saw 9 of its levels.

You collected 434 gold pieces.
You spent 56 gold pieces at shops.

Inventory:

Hand Weapons
 a - a +0 long sword (weapon)
 b - the +11 hunting sling "Orb Guardian's Foe" {vorpal, +Blink rN+ Str+8 Stlth-}
   (You found it on level 5 of the Dungeon)

   Any ammunition fired from it inflicts extra damage upon your enemies.
   Str:       It affects your strength (+8).
   rN:        It protects you from negative energy.
   +Blink:    It lets you blink.
   Stlth:     It makes you less stealthy.
 m - a +5 dagger
 G - a +2 dagger of speed
Missiles
 d - 10 boomerangs
 f - 92 sling bullets
 y - 219 stones (quivered)
Armour
 h - a +1 pair of gloves (worn)
 k - a +0 helmet (worn)
 o - a +0 chain mail (worn)
 t - a +0 cloak (worn)
 F - a +0 kite shield
Jewellery
 l - a +6 ring of strength
 D - a ring of protection from fire (right hand)
 H - the ring "Eteuxy" (left hand) {Wiz +Blink rF+ rN+}
   (You took it off an orc on level 8 of the Dungeon)

   [ring of wizardry]

   It improves your spell success rate.
   rF:        It protects you from fire.
   rN:        It protects you from negative energy.
   +Blink:    It lets you blink.
Wands
 n - a wand of iceblast (18)
 q - a wand of paralysis (13)
 r - a wand of polymorph (10)
 v - a wand of mindburst (7)
 I - a wand of acid (4)
Scrolls
 c - 2 scrolls of identify
 g - a scroll of magic mapping
 p - a scroll of fog
 s - 2 scrolls of enchant weapon
 u - a scroll of blinking
 A - a scroll of fear
Potions
 e - 3 potions of heal wounds
 i - 3 potions of haste
 w - 3 potions of mutation
 x - a potion of invisibility
 z - 2 potions of curing
 B - a potion of cancellation
 C - 2 potions of flight
 E - a potion of resistance
Miscellaneous
 j - a tin of tremorstones (2/2)


   Skills:
 - Level 6.0 Fighting
 * Level 10.5 Long Blades
 + Level 5.2 Slings
 - Level 6.0 Armour
 - Level 1.5 Dodging
 + Level 6.2 Shields


You had 9 spell levels left.
You didn't know any spells.
Your spell library was empty.

Dungeon Overview and Level Annotations

Branches:
Dungeon (9/15)             Temple (0/1) D:5
   Lair: D:8-11         Orc: D:9-12

Altars:
Ashenzari
Hepliaklqana
Makhleb
Sif Muna
Wu Jian
Xom

Shops:
D:2 !

Annotations:
D:3 2 transporters, horus123's ghost, amateur HOFi


Innate Abilities, Weirdness & Mutations

You are immune to sickness and miasma.
Your stone body is resilient. (AC +7)
You are immune to poison.
You resist negative energy. (rN+)
You are resistant to electric shocks. (rElec)
You are resistant to unholy torment.
You are immune to petrification.


Message History

The boulder beetle leaps!
The boulder beetle leaps!
There is a stone staircase leading down here.
The boulder beetle curls into a ball and begins rolling!
You climb downwards.
There is a stone staircase leading up, spattered with blood here.
You start resting.
You feel yourself speed up.
You start resting.
You recover from your berserk rage.
You start resting.
HP restored.
You climb upwards.
There is a stone staircase leading down here.
A red film seems to cover your vision as you go berserk!
You feel yourself moving faster!
You feel mighty!
You completely miss the boulder beetle. You slash the boulder beetle!
The boulder beetle is lightly wounded.
The boulder beetle barely misses you.
You slash the boulder beetle!
The boulder beetle is moderately wounded.
You slash the boulder beetle!
The boulder beetle is heavily wounded.
The boulder beetle leaps!
You feel a strong urge to attack something.
You feel your anger nearly subside.
You are no longer berserk.
You are exhausted.
You feel yourself slow down. The boulder beetle bites you! x2
You hit the boulder beetle but do no damage.
The boulder beetle is heavily wounded.
The boulder beetle bites you!!
* * * LOW HITPOINT WARNING * * *
You hit the boulder beetle but do no damage.
The boulder beetle is heavily wounded.
The boulder beetle bites you!
* * * LOW HITPOINT WARNING * * *
The boulder beetle bites you.
You die...

. #.##.......# ....#
#.##.......# ....#
#.##.......# #...
#.##.......##### #...
#.##...........)
#...##.########......
#....###.####.....)
#.B....#....#.....)
#.@#.#.#.##.#.....)
###....#...##.#......
......#...######.#######
#####.##..# #.# #.##.>#
#.# #.....### #.#
##......# #.# .
#......####)#
..#######......#....#


You could see a boulder beetle.

Vanquished Creatures
  A two-headed ogre (D:8)
  A centaur warrior (D:8)
  A wyvern (D:7)
  9 yaks
  A steam dragon (D:8)
  Edmund (D:6)
  An acid dragon (D:8)
  A necrophage (D:4)
  A sky beast (D:7)
  2 ogres
  3 centaurs
  A phantom (D:4)
  4 bullfrogs
  A scorpion (D:5)
  3 howler monkeys
  2 centaur zombies
  3 hounds
  4 orc priests
  3 jellies
  Crazy Yiuf (D:3)
  A centaur skeleton (D:6)
  Jessica (D:3)
  4 orc wizards
  3 iguanas
  A killer bee zombie (D:5)
  A hound skeleton (D:4)
  6 adders
  A shadow imp (D:5)
  A white imp (D:7)
  An ufetubus (D:7)
  A worm (D:3)
  4 dart slugs
  18 orcs
  5 endoplasms
  7 giant cockroaches
  9 goblins
  10 hobgoblins
  6 jackals
  5 kobolds
  9 ball pythons
  2 bats (D:1)
  4 frilled lizards
  7 rats
  A spectral hobgoblin (D:1)
152 creatures vanquished.

Vanquished Creatures (others)
  An orc wizard (D:7)
  2 fungi (D:3)
  6 plants (D:8)
9 creatures vanquished.

Grand Total: 161 creatures vanquished

Notes
Turn   | Place    | Note
-------+----------+-------------------------------------------
     0 | D:1      | jejorda2 the Gargoyle Berserker began the quest for the
                  | Orb.
     0 | D:1      | Reached XP level 1. HP: 14/14 MP: 1/1
   315 | D:1      | Reached XP level 2. HP: 18/19 MP: 2/2
   327 | D:1      | Found a faded altar of an unknown god.
   333 | D:1      | Reached skill level 3 in Long Blades
  1107 | D:1      | Reached ** piety under Trog
  1168 | D:1      | Reached XP level 3. HP: 23/23 MP: 3/3
  1289 | D:2      | Found Mibrefok's Distillery.
  1337 | D:2      | Bought a potion of might for 56 gold pieces
  1565 | D:2      | Reached XP level 4. HP: 12/29 MP: 4/4
  1809 | D:2      | Reached skill level 4 in Long Blades
  1809 | D:2      | Reached XP level 5. HP: 8/33 MP: 5/5
  2224 | D:2      | Found a burning altar of Makhleb.
  2968 | D:3      | Identified the +5 dire flail of Duty {speed, Str+3}
  2968 | D:3      | Noticed an ogre
  2969 | D:3      | Found a transporter.
  2969 | D:3      | Noticed horus123's ghost (amateur HOFi)
  2969 | D:3      | Noticed an ogre
  2970 | D:3      | Found a transporter.
  2970 | D:3      | Noticed an ogre
  3122 | D:3      | Reached *** piety under Trog
  3462 | D:3      | Found a runed translucent door.
  3462 | D:3      | Noticed Jessica
  3471 | D:3      | Killed Jessica
  3529 | D:3      | Noticed Crazy Yiuf
  3539 | D:3      | HP: 2/51 [Crazy Yiuf (5)]
  3540 | D:3      | Killed Crazy Yiuf
  3541 | D:3      | Reached XP level 6. HP: 2/39 MP: 6/6
  4072 | D:4      | Reached skill level 5 in Long Blades
  4086 | D:4      | Reached skill level 5 in Fighting
  4176 | D:4      | Reached XP level 7. HP: 44/44 MP: 7/7
  4826 | D:4      | Found a shimmering blue altar of Sif Muna.
  4864 | D:5      | Entered Level 5 of the Dungeon
  4910 | D:5      | Found a broken altar of Ashenzari.
  4931 | D:5      | Found a staircase to the Ecumenical Temple.
  4990 | D:5      | Reached skill level 6 in Long Blades
  4994 | D:5      | Found a hazy altar of Hepliaklqana.
  5095 | D:5      | Identified the +11 hunting sling "Orb Guardian's Foe"
                  | {vorpal, +Blink rN+ Str+8 Stlth-}
  5123 | D:5      | Reached skill level 5 in Armour
  5337 | D:5      | Reached XP level 8. HP: 24/51 MP: 8/8
  6133 | D:6      | Reached skill level 7 in Long Blades
  6633 | D:6      | Found an ornate altar of the Wu Jian Council.
  6697 | D:6      | Noticed Edmund
  6713 | D:6      | Killed Edmund
  6794 | D:6      | Reached skill level 1 in Slings
  6794 | D:6      | Reached skill level 1 in Shields
  7032 | D:7      | Noticed a wyvern
  7043 | D:7      | Killed a wyvern
  7206 | D:7      | Reached XP level 9. HP: 55/55 MP: 9/9
  7274 | D:7      | Reached skill level 8 in Long Blades
  8178 | D:8      | Noticed a two-headed ogre
  8194 | D:8      | Killed a two-headed ogre
  8195 | D:8      | Reached skill level 9 in Long Blades
  8272 | D:8      | Found a shimmering altar of Xom.
  8443 | D:8      | Identified the +1 plate armour of a sewer {*Slow +Inv rN++
                  | rCorr}
  8443 | D:8      | Identified the ring "Eteuxy" {Wiz +Blink rF+ rN+}
  8444 | D:8      | Noticed a centaur warrior
  8466 | D:8      | Killed a centaur warrior
  8467 | D:8      | Reached skill level 5 in Shields
  8467 | D:8      | Reached XP level 10. HP: 44/60 MP: 10/10
  8621 | D:8      | Found the +8 mithril axe "Arga" {speed, Will+}
  8650 | D:8      | Reached skill level 10 in Long Blades
  8776 | D:8      | Noticed a boulder beetle
  8816 | D:9      | Reached skill level 5 in Slings
  9001 | D:8      | HP: 2/60 [boulder beetle (15)]
  9001 | D:8      | Slain by a boulder beetle

Illustrated notes

Levels and vault maps discovered:
D:1:      dpeg_arrival_simpleton_b, layout_basic,
          dreamdust_ecumenical_altar_drowned_temple, roderic_lattice_a,
          minmay_misc_feat_room
D:2:      cheibrodos_pilgrimage, layout_loops_ring, serial_shops, shop,
          basic_altar, minmay_misc_feat_rugged
D:3:      layout_basic, gammafunk_ghost_smash, uniq_crazy_yiuf_cottage,
          uniq_jessica
D:4:      layout_rooms, lemuel_blue_sif_altar
D:5:      layout_basic, cheibrodos_ashenzari_chains, general_overflow_altar,
          temple_pool_b, serial_glass, glass_columns_a, glass_columns_b
D:6:      layout_loops_cross, nzn_wu_jian_council_hall,
          minmay_misc_feat_more_columns, uniq_edmund
D:7:      layout_loops_ring
D:8:      layout_basic, grunt_gozag_statues, xom_butterflies, serial_shops,
          nicolae_shop_overgrown_old_shop, minmay_radiant
D:9:      layout_loops_ring, grunt_tough_drop

Skill      XL: |  1  2  3  4  5  6  7  8  9 10 |
---------------+-------------------------------+-----
Long Blades    | 3 4 5 6 7 9 10 | 10.5
Armour         | 3 4 5 6 |  6.0
Fighting       | 4 5 6 |  6.0
Slings         | 1 4 5 |  5.2
Shields        | 2 5 6 |  6.2
Dodging        | |  1.5

Action                   |  1- 3 |  4- 6 |  7- 9 | 10-12 || total
-------------------------+-------+-------+-------+-------++-------
Melee: Falchion          |    98 |    17 |       |       ||   115
       Dagger            |       |   150 |   505 |       ||   655
       Long sword        |       |       |     8 |    85 ||    93
 Fire: Hunting sling     |       |       |    14 |       ||    14
Throw: Stone             |       |    10 |       |       ||    10
Invok: Berserk           |     1 |     4 |     9 |     4 ||    18
       Trog's Hand       |       |       |       |     1 ||     1
  Use: Scroll            |       |       |    20 |       ||    20
       Potion            |       |       |     1 |     2 ||     3
Armor: Animal skin       |    23 |       |       |       ||    23
       Ring mail         |    11 |     7 |       |       ||    18
       Chain mail        |       |    60 |   258 |    53 ||   371
Dodge: Dodged            |    59 |    34 |   155 |    30 ||   278

Table legend: (Time is in decaauts)
 A = Elapsed time spent in this place.
 B = Non-inter-level travel time spent in this place.
 C = Inter-level travel time spent in this place.
 D = Time resting spent in this place.
 E = Time spent auto-exploring this place.
 F = Levels seen in this place.
 G = Mean time per level.
                   A        B        C        D        E       F      G
               +--------+--------+--------+--------+--------+-----+--------+
         Total |   8899 |   8697 |    202 |   1148 |   6072 |   9 |  988.8 |
       Dungeon |   8899 |   8697 |    202 |   1148 |   6072 |   9 |  988.8 |
               +--------+--------+--------+--------+--------+-----+--------+

Top non-repeatable levels by time:
     D:1: 1297 daAuts
     D:3: 1290 daAuts
     D:2: 1289 daAuts
     D:5: 1078 daAuts
     D:7: 1044 daAuts
     D:4: 1026 daAuts
     D:6: 905 daAuts
     D:8: 792 daAuts
     D:9: 175 daAuts
